 Dungeon Crawl Stone Soup version 0.25-a0-665-ga69d64035b (webtiles) character file.

Game seed: 8120649823553431063, levelgen mode: deterministic

3 MisterFreud the Ducker (level 1, 0/15 HPs)
             Began as a Felid Berserker on Mar 26, 2020.
             Was a Follower of Trog.
             Slain by a hobgoblin (5 damage)
             ... on level 1 of the Dungeon.
             The game lasted 00:00:13 (87 turns).

MisterFreud the Ducker (Felid Berserker)              Turns: 87, Time: 00:00:14

Health: 0/15       AC:  1    Str: 13    XL:     1   Next: 41%
Magic:  2/2        EV: 19    Int:  8    God:    Trog [*.....]
Gold:   0          SH:  0    Dex: 15    Spells: 0/0 levels left
                                        Lives:  0   Deaths: 0

rFire    . . .     SeeInvis +     - Unarmed
rCold    . . .     Gourm    .   (shield unavailable)
rNeg     . . .     Faith    .   (armour unavailable)
rPois    .         Spirit   .   (helmet unavailable)
rElec    .         Reflect  .   (cloak unavailable)
rCorr    .         Harm     .   (gloves unavailable)
MR       .....                  (boots unavailable)
Stlth    ..........             (no amulet)
HPRegen  0.05/turn              (no ring)
MPRegen  0.08/turn              (no ring)

@: berserking, very quick
A: very small, no armour, no weapons or thrown items, stealth, claws 1, fangs 3,
see invisible, carnivore, speed 1, shaggy fur 1, slow metabolism 1, sharp paws
a: Berserk, Renounce Religion


You were on level 1 of the Dungeon.
You worshipped Trog.
Trog was aware of your devotion.
You were full.

You visited 1 branch of the dungeon, and saw 1 of its levels.

Inventory:

Comestibles
 a - a ration


   Skills:
 * Level 3.2 Fighting
 - Level 4.0 Dodging
 - Level 3.0 Unarmed Combat


You couldn't memorise any spells.
You didn't know any spells.
Your spell library was empty.

Dungeon Overview and Level Annotations

Branches:
Dungeon (1/15)

Altars:


Innate Abilities, Weirdness & Mutations

You cannot wear armour.
You are incapable of wielding weapons or throwing items.
Your paws allow you to move quietly. (Stealth)
You have sharp claws.
You have razor-sharp teeth.
You have supernaturally acute eyesight. (SInv)
You are carnivorous and can eat meat at any time.
You cover ground quickly.
You are covered in fur. (AC +1)
You have a slow metabolism.
Your sharp claws are effective at attacking unaware monsters.


Message History

The bat barely misses you.
The kobold throws a stone.
The stone closely misses you. The hobgoblin closely misses you.
You scratch the bat.
You kill the bat!
Trog accepts your kill.
The kobold throws a stone.
The stone closely misses you. The hobgoblin hits you.
Ouch! That really hurt!
You are too injured to fight recklessly!
You are too injured to fight recklessly!
You are too injured to fight recklessly!
There are monsters nearby!
There are monsters nearby!
You are too injured to fight recklessly!
You are too injured to fight recklessly!
A red film seems to cover your vision as you go berserk!
You feel yourself moving faster!
You feel mighty! The kobold hits you but does no damage.
The hobgoblin hits you.
You miss the kobold. The kobold misses you. The hobgoblin hits you.
You die...

#. #### #. #.. ...## #.
#. #..# #. # #.#### #.##
##### ..
###....###..###.###
...###..#..#.÷....##..#.
#...............(..##...
#.....#......#####....#.
#..K@.(####...####...
##.g.###.........###'
$......'......⌠......'.
..#.....###.......÷.###'
#....... ####...####...
......... [#####.....#
.##..#... ........#...
##.###.. ....######## ##


You could see a hobgoblin and a kobold.

Vanquished Creatures
  A giant cockroach (D:1)
  2 bats (D:1)
  A frilled lizard (D:1)
4 creatures vanquished.

Notes
Turn   | Place    | Note
-------+----------+-------------------------------------------
     0 | D:1      | MisterFreud the Felid Berserker began the quest for the
                  | Orb.
     0 | D:1      | Reached XP level 1. HP: 10/10 MP: 2/2
    87 | D:1      | Slain by a hobgoblin

Levels and vault maps discovered:
D:1:      elethiomel_arrival_infinity_welcomes_careful_drivers, layout_basic

Action                   || total
-------------------------++-------
Melee: Unarmed           ||    16
       Bite              ||     3
Invok: Berserk           ||     1
  Eat: Chunk             ||     4
Armor: Skin              ||     3
Dodge: Dodged            ||    22

Table legend:
 A = Non-vault XP
 B = Vault XP
 C = Vault XP percentage of total XP
 D = Non-vault monster count
 E = Vault monster count
 F = Vault count percentage of total count
                 A         B        C        D         E       F
            +---------+---------+-------+---------+---------+-------
      Total |       5 |       0 |   0.0 |       4 |       0 |   0.0
            +---------+---------+-------+---------+---------+-------
        D:1 |       5 |       0 |   0.0 |       4 |       0 |   0.0
            +---------+---------+-------+---------+---------+-------
